NWL (28 & UNDER)
BALZAC RAMS @ MOOSE JAW GHOSTBUSTERS
06/14/2026
 
TOP OF THE 1ST
Balzac Rams batting - Pitching for Moose Jaw Ghostbusters : RHP Máximo Marín
Pitching: RHP Máximo Marín
Batting: RHB Ron Glass 0-0: Called Strike
0-1: Ground out 4-3 (Groundball, 4)
Batting: RHB Enrico Ramos 0-0: Ball
1-0: Called Strike
1-1: Called Strike
1-2: Ball
2-2: SINGLE (Groundball, 4M)
Batting: LHB José Román 0-0: Foul Ball, location: 2F
0-1: Called Strike
0-2: Strikes out swinging
Batting: LHB John Horton 0-0: Called Strike
0-1: SINGLE (Flyball, 7LM)
Enrico Ramos to second
Batting: RHB Jeremy Flemming 0-0: Called Strike
0-1: Ball
1-1: Ball
2-1: Foul Ball, location: 2F
2-2: Ball
3-2: Base on Balls
Enrico Ramos to third
John Horton to second
Batting: LHB Daniel Carter 0-0: Called Strike
0-1: Called Strike
0-2: Fly out, F4 (Popup, 4D)
Top of the 1st over - 0 run(s), 2 hit(s), 0 error(s), 3 left on base; Balzac 0 - Moose Jaw 0
BOTTOM OF THE 1ST
Moose Jaw Ghostbusters batting - Pitching for Balzac Rams : LHP Juan Jiménez
Pitching: LHP Juan Jiménez
Batting: RHB Manuel Pérez 0-0: Foul Ball, location: 2F
0-1: Foul Ball, location: 2F
0-2: Ball
1-2: Strikes out looking
Batting: LHB Will Vale 0-0: Ground out 1-3 (Groundball, 13S)
Batting: RHB John Major 0-0: Called Strike
0-1: Foul Ball, location: 2F
0-2: Fly out, F9 (Flyball, 9M)
Bottom of the 1st over - 0 run(s), 0 hit(s), 0 error(s), 0 left on base; Balzac 0 - Moose Jaw 0
TOP OF THE 2ND
Balzac Rams batting - Pitching for Moose Jaw Ghostbusters : RHP Máximo Marín
Batting: RHB Manuel Pérez 0-0: Ball
1-0: Called Strike
1-1: Ball
2-1: Ground out 1-3 (Groundball, 23)
Batting: LHB Howard Evans 0-0: Called Strike
0-1: Ball
1-1: Ball
2-1: Ball
3-1: Base on Balls
Batting: RHB Brian Parks 0-0: Grounds into double play, U6-3 (Groundball, 6)
Top of the 2nd over - 0 run(s), 0 hit(s), 0 error(s), 0 left on base; Balzac 0 - Moose Jaw 0
BOTTOM OF THE 2ND
Moose Jaw Ghostbusters batting - Pitching for Balzac Rams : LHP Juan Jiménez
Batting: RHB Paco Hernández 0-0: Ball
1-0: Called Strike
1-1: SINGLE (Groundball, 4M)
Batting: RHB Juan Vázquez 0-0: Called Strike
0-1: Ball
1-1: Foul Ball, location: 2F
1-2: Foul Ball, location: 2F
1-2: SINGLE (Groundball, 56)
Paco Hernández to second
Batting: RHB Dan Hooper 0-0: Called Strike
0-1: Fly out, F8 (Flyball, 8RM)
Batting: RHB Nicholas Harris 0-0: Called Strike
0-1: Grounds into double play, U6-3 (Groundball, 6M)
Bottom of the 2nd over - 0 run(s), 2 hit(s), 0 error(s), 1 left on base; Balzac 0 - Moose Jaw 0
TOP OF THE 3RD
Balzac Rams batting - Pitching for Moose Jaw Ghostbusters : RHP Máximo Marín
Batting: RHB Ron Glass 0-0: Ball
1-0: Ball
2-0: SINGLE (Groundball, 56D)
Batting: RHB Enrico Ramos 0-0: Ball
1-0: Ball
Wild Pitch!
Ron Glass to second
2-0: Ball
3-0: Base on Balls
Batting: LHB José Román 0-0: SINGLE (Flyball, 89S)
Ron Glass to third
Enrico Ramos to second
Runner from 3rd tries for Home, SAFE, no throw or cutoff
Batting: LHB John Horton 0-0: Ball
1-0: Ball
2-0: Ball
3-0: Called Strike
3-1: Base on Balls
Enrico Ramos to third
José Román to second
Batting: RHB Jeremy Flemming 0-0: Ball
1-0: Foul Ball, location: 2F
1-1: Swinging Strike
1-2: Fly out, F9 (Flyball, 9LSF)
Runner from 3rd tags up, SCORES, no throw
Batting: LHB Daniel Carter 0-0: Ball
1-0: Called Strike
1-1: Grounds into double play, 4-6-3 (Groundball, 4)
Top of the 3rd over - 2 run(s), 2 hit(s), 0 error(s), 1 left on base; Balzac 2 - Moose Jaw 0
BOTTOM OF THE 3RD
Moose Jaw Ghostbusters batting - Pitching for Balzac Rams : LHP Juan Jiménez
Batting: SHB Martín Cruz 0-0: Called Strike
0-1: Foul Ball, location: 2F
0-2: Fly out, F4 (Line Drive, 4)
Batting: LHB John Robbins 0-0: Ball
1-0: SINGLE (Groundball, 6MD)
Batting: RHB Manuel Pérez 0-0: Ball
1-0: SINGLE (Line Drive, 89S)
John Robbins to second
Batting: LHB Will Vale 0-0: Ball
1-0: Foul Ball, location: 2F
1-1: Fly out, F7 (Flyball, 7M)
Batting: RHB John Major 0-0: Ball
1-0: SINGLE (Line Drive, 4D)
John Robbins to third
Manuel Pérez to second
Runner from 3rd tries for Home, SAFE, no throw or cutoff
Batting: RHB Paco Hernández 0-0: Fly out, F8 (Flyball, 8RXD)
Bottom of the 3rd over - 1 run(s), 3 hit(s), 0 error(s), 2 left on base; Balzac 2 - Moose Jaw 1
TOP OF THE 4TH
Balzac Rams batting - Pitching for Moose Jaw Ghostbusters : RHP Máximo Marín
Batting: RHB Manuel Pérez 0-0: Foul Ball, location: 2F
0-1: Ball
1-1: Ball
2-1: Ball
3-1: Called Strike
3-2: Ground out 6-3 (Groundball, 6M)
Batting: LHB Howard Evans 0-0: Ball
1-0: Ball
2-0: Fly out, F7 (Flyball, 7M)
Batting: RHB Brian Parks 0-0: Ball
1-0: Fly out, F7 (Popup, 7S)
Top of the 4th over - 0 run(s), 0 hit(s), 0 error(s), 0 left on base; Balzac 2 - Moose Jaw 1
BOTTOM OF THE 4TH
Moose Jaw Ghostbusters batting - Pitching for Balzac Rams : LHP Juan Jiménez
Batting: RHB Juan Vázquez 0-0: Ball
1-0: Ball
2-0: SINGLE (Groundball, 56D)
Batting: RHB Dan Hooper 0-0: Ball
1-0: Reached on Error, E7 (Flyball, 7D)
Juan Vázquez to second
Batting: RHB Nicholas Harris 0-0: Ball
Juan Vázquez steals 3rd base
Dan Hooper to second
1-0: Ground out 5-3 (Groundball, 5)
Batting: SHB Martín Cruz 0-0: Ball
1-0: Swinging Strike
1-1: Foul Ball, location: 2F
1-2: Strikes out swinging
Batting: LHB John Robbins 0-0: Ground out 3-1 (Groundball, 3L)
Bottom of the 4th over - 0 run(s), 1 hit(s), 1 error(s), 2 left on base; Balzac 2 - Moose Jaw 1
TOP OF THE 5TH
Balzac Rams batting - Pitching for Moose Jaw Ghostbusters : RHP Máximo Marín
Batting: RHB Ron Glass 0-0: Foul Ball, location: 2F
0-1: Called Strike
0-2: Strikes out swinging
Batting: RHB Enrico Ramos 0-0: Ball
1-0: Foul Ball, location: 2F
1-1: DOUBLE (Groundball, 5L)
Batting: LHB José Román 0-0: Intentional Walk
Batting: LHB John Horton 0-0: Ball
1-0: Ball
2-0: Ground out 5-3 (Groundball, 56S)
Enrico Ramos to third
José Román to second
Batting: RHB Jeremy Flemming 0-0: Ball
1-0: Swinging Strike
1-1: Called Strike
1-2: Ball
2-2: Ground out 4-3 (Groundball, 34)
Top of the 5th over - 0 run(s), 1 hit(s), 0 error(s), 2 left on base; Balzac 2 - Moose Jaw 1
BOTTOM OF THE 5TH
Moose Jaw Ghostbusters batting - Pitching for Balzac Rams : LHP Juan Jiménez
Batting: RHB Manuel Pérez 0-0: SINGLE (Line Drive, 8LS)
Batting: LHB Will Vale 0-0: Ball
1-0: Called Strike
1-1: Ball
2-1: Ball
3-1: Foul Ball, location: 2F
3-2: Strikes out looking
Batting: RHB John Major 0-0: Ball
1-0: Called Strike
1-1: Swinging Strike
1-2: Strikes out swinging
Batting: RHB Paco Hernández 0-0: Ground out 5-3 (Groundball, 56)
Bottom of the 5th over - 0 run(s), 1 hit(s), 0 error(s), 1 left on base; Balzac 2 - Moose Jaw 1
TOP OF THE 6TH
Balzac Rams batting - Pitching for Moose Jaw Ghostbusters : RHP Máximo Marín
Batting: LHB Daniel Carter 0-0: Ground out 6-3 (Groundball, 6)
Batting: RHB Manuel Pérez 0-0: Foul Ball, location: 2F
0-1: Ball
1-1: Ball
2-1: Foul Ball, location: 2F
2-2: Fly out, F7 (Line Drive, 7S)
Batting: LHB Howard Evans 0-0: Called Strike
0-1: Ball
1-1: Called Strike
1-2: Strikes out swinging
Top of the 6th over - 0 run(s), 0 hit(s), 0 error(s), 0 left on base; Balzac 2 - Moose Jaw 1
BOTTOM OF THE 6TH
Moose Jaw Ghostbusters batting - Pitching for Balzac Rams : LHP Juan Jiménez
Batting: RHB Juan Vázquez 0-0: Ball
1-0: Ground out 6-3 (Groundball, 6M)
Batting: RHB Dan Hooper 0-0: Ball
1-0: Called Strike
1-1: Foul Ball, location: 2F
1-2: Fly out, F9 (Flyball, 9D)
Batting: RHB Nicholas Harris 0-0: Fly out, F7 (Line Drive, 7S)
Bottom of the 6th over - 0 run(s), 0 hit(s), 0 error(s), 0 left on base; Balzac 2 - Moose Jaw 1
TOP OF THE 7TH
Balzac Rams batting - Pitching for Moose Jaw Ghostbusters : RHP Máximo Marín
Pitching: RHP Bennett Greer
Batting: RHB Brian Parks 0-0: Called Strike
0-1: Swinging Strike
0-2: Ball
1-2: Ball
2-2: Ball
3-2: Foul Ball, location: 2F
3-2: Strikes out swinging
Batting: RHB Ron Glass 0-0: Ball
1-0: Ball
2-0: Swinging Strike
2-1: Swinging Strike
2-2: Foul Ball, location: 2F
2-2: Ball
3-2: Foul Ball, location: 2F
3-2: Strikes out swinging
Batting: RHB Enrico Ramos 0-0: Called Strike
0-1: Swinging Strike
0-2: Strikes out swinging
Top of the 7th over - 0 run(s), 0 hit(s), 0 error(s), 0 left on base; Balzac 2 - Moose Jaw 1
BOTTOM OF THE 7TH
Moose Jaw Ghostbusters batting - Pitching for Balzac Rams : LHP Juan Jiménez
Batting: SHB Martín Cruz 0-0: Called Strike
0-1: Ball
1-1: Called Strike
1-2: Foul Ball, location: 2F
1-2: Strikes out swinging
Batting: LHB John Robbins 0-0: Called Strike
0-1: Called Strike
0-2: Ball
1-2: Ground out U3 (Groundball, 3)
Batting: RHB Manuel Pérez 0-0: Ball
1-0: SOLO HOME RUN (Flyball, 7LD), Distance : 363 ft
Pinch Hitting: RHB Ángel García 0-0: Ball
1-0: Ball
2-0: Called Strike
2-1: Foul Ball, location: 2F
2-2: Ball
3-2: SINGLE (Line Drive, 78M)
Batting: RHB John Major 0-0: Called Strike
0-1: Ball
1-1: Called Strike
1-2: Ball
2-2: Foul Ball, location: 2F
2-2: Fly out, F9 (Line Drive, 89M)
Bottom of the 7th over - 1 run(s), 2 hit(s), 0 error(s), 1 left on base; Balzac 2 - Moose Jaw 2
TOP OF THE 8TH
Balzac Rams batting - Pitching for Moose Jaw Ghostbusters : RHP Bennett Greer
Now at 3B: Ángel García
Batting: LHB José Román 0-0: Swinging Strike
0-1: Swinging Strike
0-2: DOUBLE (Flyball, 78XD)
Batting: LHB John Horton 0-0: Called Strike
0-1: Ball
1-1: Ball
2-1: Swinging Strike
2-2: Strikes out swinging
Batting: RHB Jeremy Flemming 0-0: Foul Ball, location: 2F
0-1: Ball
1-1: Ball
2-1: Ball
3-1: Called Strike
3-2: Strikes out swinging
Batting: LHB Daniel Carter 0-0: Ball
1-0: Called Strike
1-1: Ball
2-1: Ball
3-1: Base on Balls
Pinch Hitting: RHB Shaun Puckett 0-0: Called Strike
0-1: Fly out, F8 (Line Drive, 89S)
Top of the 8th over - 0 run(s), 1 hit(s), 0 error(s), 2 left on base; Balzac 2 - Moose Jaw 2
BOTTOM OF THE 8TH
Moose Jaw Ghostbusters batting - Pitching for Balzac Rams : LHP Juan Jiménez
Now at 1B: Carlos Barrios
Batting: RHB Paco Hernández 0-0: Ball
1-0: Swinging Strike
1-1: Ground out 1-3 (Groundball, 13S)
Batting: RHB Juan Vázquez 0-0: Called Strike
0-1: Foul Ball, location: 2F
0-2: Ground out 5-3 (Groundball, 5)
Batting: RHB Dan Hooper 0-0: Called Strike
0-1: Ball
1-1: Called Strike
1-2: Strikes out looking
Bottom of the 8th over - 0 run(s), 0 hit(s), 0 error(s), 0 left on base; Balzac 2 - Moose Jaw 2
TOP OF THE 9TH
Balzac Rams batting - Pitching for Moose Jaw Ghostbusters : RHP Bennett Greer
Pitching: LHP Júlio Aguilar
Pinch Hitting: RHB Jeff Stevenson 0-0: Called Strike
0-1: Called Strike
0-2: Ball
1-2: Strikes out swinging
Pinch Hitting: RHB Paul Spencer 0-0: Called Strike
0-1: SINGLE (Line Drive, 7LS)
Batting: RHB Ron Glass 0-0: DOUBLE (Line Drive, 56D)
Paul Spencer to third
Batting: RHB Enrico Ramos 0-0: Intentional Walk
Batting: LHB José Román 0-0: Ball
1-0: Called Strike
1-1: Called Strike
1-2: Foul Ball, location: 2F
1-2: Ball
2-2: Strikes out swinging
Pinch Hitting: RHB Félix Quintero 0-0: Ball
1-0: Foul Ball, location: 2F
1-1: Called Strike
1-2: Foul Ball, location: 2F
1-2: Strikes out swinging
Top of the 9th over - 0 run(s), 2 hit(s), 0 error(s), 3 left on base; Balzac 2 - Moose Jaw 2
BOTTOM OF THE 9TH
Moose Jaw Ghostbusters batting - Pitching for Balzac Rams : LHP Juan Jiménez
Pitching: LHP Nick Johnson
Now at C: Félix Quintero
Now at 1B: Paul Spencer
Now at 3B: Jeff Stevenson
Pinch Hitting: RHB Shawn Bane 0-0: Called Strike
0-1: Ball
1-1: Foul Ball, location: 2F
1-2: Ball
2-2: Fly out, F8 (Flyball, 8LM)
Pinch Hitting: RHB Luis Miguel Sánchez 0-0: Ball
1-0: Called Strike
1-1: Foul Ball, location: 2F
1-2: Fly out, F4 (Popup, 3DF)
Batting: LHB John Robbins 0-0: Foul Ball, location: 2F
0-1: Ball
1-1: Ground out 3-1 (Groundball, 34)
Bottom of the 9th over - 0 run(s), 0 hit(s), 0 error(s), 0 left on base; Balzac 2 - Moose Jaw 2
TOP OF THE 10TH
Balzac Rams batting - Pitching for Moose Jaw Ghostbusters : LHP Júlio Aguilar
Now at C: Shawn Bane
Now at 2B: Luis Miguel Sánchez
Batting: RHB Jeremy Flemming 0-0: Ball
1-0: Ball
2-0: SINGLE (Line Drive, 7S)
Pinch Hitting: SHB Walt Simmons 0-0: Ball
1-0: Called Strike
1-1: Called Strike
1-2: Grounds into double play, 6-4-3 (Groundball, 6)
Pinch Hitting: SHB Reynaldo Gallegos 0-0: Ball
1-0: Fly out, F6 (Line Drive, 6)
Top of the 10th over - 0 run(s), 1 hit(s), 0 error(s), 0 left on base; Balzac 2 - Moose Jaw 2
BOTTOM OF THE 10TH
Moose Jaw Ghostbusters batting - Pitching for Balzac Rams : LHP Nick Johnson
Now at SS: Octávio Aldeguer
Now in LF: Luis Suárez
Batting: RHB Manuel Pérez 0-0: Ball
1-0: Ground out 4-3 (Groundball, 4)
Batting: RHB Ángel García 0-0: Called Strike
0-1: Ball
1-1: Foul Ball, location: 2F
1-2: Ball
2-2: Foul Ball, location: 2F
2-2: Ball
3-2: Foul Ball, location: 2F
3-2: Base on Balls
Batting: RHB John Major 0-0: Ball
1-0: Called Strike
1-1: Called Strike
1-2: Foul Ball, location: 2F
1-2: Ball
2-2: Strikes out swinging
Batting: RHB Paco Hernández 0-0: Ball
1-0: Ball
2-0: Called Strike
2-1: Swinging Strike
2-2: SINGLE (Groundball, 4MD)
Ángel García to second
Runner from 2nd tries for 3rd, SAFE, throw made to third
Batting: RHB Juan Vázquez Pickoff Throw to First - Out!
Bottom of the 10th over - 0 run(s), 1 hit(s), 0 error(s), 0 left on base; Balzac 2 - Moose Jaw 2
TOP OF THE 11TH
Balzac Rams batting - Pitching for Moose Jaw Ghostbusters : LHP Júlio Aguilar
Pitching: RHP Whit Johnson
Batting: RHB Jeff Stevenson 0-0: Called Strike
0-1: Foul Ball, location: 2F
0-2: Ball
1-2: Foul Ball, location: 2F
1-2: SINGLE (Line Drive, 4MD)
Batting: RHB Paul Spencer 0-0: Called Strike
0-1: Ball
1-1: Ball
2-1: Called Strike
2-2: Foul Ball, location: 2F
2-2: Foul Ball, location: 2F
2-2: Ball
3-2: Strikes out swinging
Batting: RHB Ron Glass Pickoff Throw to First - Out!
0-0: Called Strike
0-1: Ball
1-1: SINGLE (Line Drive, 4)
Batting: RHB Enrico Ramos 0-0: Ball
Wild Pitch!
Ron Glass to second
1-0: Ball
2-0: Ball
3-0: Foul Ball, location: 2F
3-1: Base on Balls
Batting: LHB José Román 0-0: Ball
1-0: Ball
2-0: Called Strike
2-1: Swinging Strike
2-2: Foul Ball, location: 2F
2-2: Strikes out swinging
Top of the 11th over - 0 run(s), 2 hit(s), 0 error(s), 2 left on base; Balzac 2 - Moose Jaw 2
BOTTOM OF THE 11TH
Moose Jaw Ghostbusters batting - Pitching for Balzac Rams : LHP Nick Johnson
Pitching: RHP José Cota
Batting: RHB Juan Vázquez 0-0: Ball
1-0: Swinging Strike
1-1: Foul Ball, location: 2F
1-2: Foul Ball, location: 2F
1-2: Ball
2-2: SINGLE (Line Drive, 6)
Batting: RHB Dan Hooper 0-0: Ball
1-0: Sac Bunt - play at first, batter OUT! 5-4
Juan Vázquez to second
Batting: RHB Shawn Bane 0-0: Called Strike
0-1: Ball
1-1: Ball
2-1: Foul Ball, location: 2F
2-2: Ball
3-2: Strikes out swinging
Batting: RHB Luis Miguel Sánchez 0-0: Ball
1-0: Ball
2-0: Ball
3-0: Called Strike
3-1: Base on Balls
Batting: LHB John Robbins 0-0: Ball
1-0: Ball
2-0: SINGLE (Line Drive, 6M)
Juan Vázquez to third
Luis Miguel Sánchez to second
Batting: RHB Manuel Pérez 0-0: Ball
1-0: Ball
2-0: Foul Ball, location: 2F
2-1: Foul Ball, location: 2F
2-2: Ball
3-2: SINGLE (Groundball, 15S) (infield hit)
Juan Vázquez scores
Monday, December 5th, 2016 - OOTP Baseball 17.12 Build 75